 Dungeon Crawl Stone Soup version 0.30.1 (webtiles) character file.

Game seed: 14248411681821906939

382 Graphine the Sneak (level 6, -3/48 HPs)
             Began as a Merfolk Brigand on July 6, 2023.
             Was an Initiate of Ashenzari.
             Slain by a gnoll bouda
             ... wielding a +0 whip
              (8 damage)
             ... on level 3 of the Dungeon.
             The game lasted 00:10:51 (3040 turns).

Graphine the Sneak (Merfolk Brigand)                Turns: 3040, Time: 00:10:51

Health: -3/48      AC:  3    Str: 11    XL:     6   Next: 76%
Magic:  6/6        EV: 19    Int: 17    God:    Ashenzari [......]
Gold:   89         SH:  0    Dex: 17    Spells: 5/5 levels left

rFire   . . .        k - +0 rapier
rCold   . . .        (no shield)
rNeg    . . .        b - +0 robe
rPois   .            (no helmet)
rElec   .            c - +0 cloak
rCorr   .            (no gloves)
SInv    .            (no boots)
Will    .....        (no amulet)
Stlth   +++          h - +5 ring of evasion
HPRegen 0.28/turn    j - +6 ring of intelligence
MPRegen 0.10/turn

%: no passive effects
@: flying
A: (nimble swimmer 2), mertail
a: Renounce Religion, Curse Item


You were on level 3 of the Dungeon.
You worshipped Ashenzari.
Ashenzari was noncommittal.
You visited 1 branch of the dungeon, and saw 4 of its levels.

You collected 89 gold pieces.

Inventory:

Hand Weapons
 a - a +2 dagger
 g - a +2 dagger of venom
 k - a +0 rapier (weapon)
Missiles
 d - 14 poisoned darts (quivered)
 e - 2 curare-tipped darts
Armour
 b - a +0 robe (worn)
 c - a +0 cloak (worn)
Jewellery
 h - a +5 ring of evasion (left hand)
 j - a +6 ring of intelligence (right hand)
 l - a ring of magical power
Scrolls
 f - a scroll of amnesia {unknown}
 o - a scroll of magic mapping {unknown}
 p - a scroll of fog {unknown}
Potions
 i - 2 potions of brilliance
 m - a potion of invisibility {unknown}
 n - a potion of flight


   Skills:
 * Level 4.1 Fighting
 * Level 4.6 Short Blades
 - Level 2.0 Throwing
 + Level 1.1 Armour
 * Level 4.2 Dodging
 + Level 5.1 Stealth
 + Level 1.7 Shields


You had 5 spell levels left.
You didn't know any spells.
Your spell library was empty.

Dungeon Overview and Level Annotations

Branches:
Dungeon (4/15)
 Temple: D:4-7

Altars:
Ashenzari


Innate Abilities, Weirdness & Mutations

((You are very nimble when in or above water. (Stealth+, EV+, Speed+++)))
Your lower body shifts to a powerful aquatic tail in water.


Message History

The gnoll bouda misses you.
You barely miss the gnoll bouda.
The gnoll bouda is lightly wounded.
Your attacks no longer feel as feeble.
The gnoll bouda hits you with a +0 whip!
You hit the gnoll bouda.
The gnoll bouda is heavily wounded.
The gnoll bouda hits you with a +0 whip!
* * * LOW HITPOINT WARNING * * *
You barely miss the gnoll bouda.
The gnoll bouda is heavily wounded.
The gnoll bouda gazes fiercely through you!
You feel your attacks grow feeble. The gnoll bouda misses you.
It was a potion of flight.
You feel very buoyant.
You fly up into the air.
The gnoll bouda closely misses you.
You barely miss the gnoll bouda.
The gnoll bouda is moderately wounded.
The gnoll bouda misses you.
You barely miss the gnoll bouda.
The gnoll bouda is moderately wounded.
The gnoll bouda barely misses you.
The gnoll bouda attacks as you move away!
The gnoll bouda completely misses you.
Your attacks no longer feel as feeble.
You hit the gnoll bouda.
The gnoll bouda is heavily wounded.
The gnoll bouda barely misses you.
You closely miss the gnoll bouda.
The gnoll bouda is heavily wounded.
The gnoll bouda hits you with a +0 whip!
* * * LOW HITPOINT WARNING * * *
You hit the gnoll bouda.
The gnoll bouda is heavily wounded.
The gnoll bouda completely misses you.
You barely miss the gnoll bouda.
The gnoll bouda is heavily wounded.
The gnoll bouda hits you with a +0 whip!
You die...

#..###########†.# #.#.#
#..###########..# ##.#..
#..#....>g...#..# #.....
#..#.######..#..# #..#..
#......####..#..# #..#.#
#..#.##......#..######..#.#
#..#..#####>.........#..#.#
#####..#..#....................
#.............@.....####.#..#.#
#.#.#..#..#...g..#...###.#..#.#
###.........#.#.#..#.............
.##.#.#............#..####......#
)##.#.#..#....................#.#
................#..#..####.#.##.#
.........#..#.#.#..#..####.#.##.#
.................................
............#.#.#..#..####.####.#


You could see a gnoll bouda.

Vanquished Creatures
  Sigmund (D:2)
  An iguana (D:4)
  8 gnolls
  3 adders
  2 worms (D:2)
  3 dart slugs
  5 orcs (D:3)
  7 ball pythons
  4 bats
  4 endoplasms
  4 giant cockroaches
  11 goblins
  5 hobgoblins
  2 jackals (D:1)
  5 quokkas
  6 frilled lizards
  6 kobolds
  4 rats
81 creatures vanquished.

Notes
Turn   | Place    | Note
-------+----------+-------------------------------------------
     0 | D:1      | Graphine the Merfolk Brigand began the quest for the Orb.
     0 | D:1      | Reached XP level 1. HP: 16/16 MP: 1/1
    48 | D:1      | Reached XP level 2. HP: 23/23 MP: 2/2
   288 | D:1      | Reached XP level 3. HP: 28/28 MP: 3/3
   535 | D:2      | Noticed Sigmund
   825 | D:2      | Killed Sigmund
   826 | D:2      | Reached skill level 5 in Stealth
   826 | D:2      | Reached skill level 1 in Shields
   826 | D:2      | Reached XP level 4. HP: 16/35 MP: 4/4
   826 | D:2      | Reached XP level 5. HP: 19/41 MP: 5/5
   972 | D:2      | Found a broken altar of Ashenzari.
   983 | D:2      | Became a worshipper of Ashenzari the Shackled
  1309 | D:2      | Reached skill level 1 in Armour
  1309 | D:2      | Reached XP level 6. HP: 46/47 MP: 6/6
  2457 | D:3      | walls
  3040 | D:3      | Slain by a gnoll bouda

Illustrated notes

#...................
##............#.#.#.
##....#.##.##.#.#.#.
#...................
##..#.#.##.##.......
#..#.#.##..........
#.......#.##...<#..
##.#.#.#####.#.##..
###@#.#.#####.#.....
#...............##.#
###..##.#####.#....)
#..##.#####.#.....
##....#...........
######...........
#...........
#...#.####'#
#...#.......


Turn 2457 on D:3: walls

Levels and vault maps discovered:
D:1:      ncdulo_lavacross, layout_rooms
D:2:      layout_loops_ring, basic_altar, hangedman_abyss_or_decor_lesser_grid,
          chequers_serial_rivers_large_a, uniq_sigmund
D:3:      layout_basic, due_unseen_surprise
D:4:      kennysheep_goblin_castle, layout_loops_cross

Skill      XL: |  1  2  3  4  5  6 |
---------------+-------------------+-----
Dodging        | 2 3 4 |  4.2
Short Blades   | 3 4 |  4.6
Fighting       | 3 4 |  4.1
Stealth        | 5 |  5.1
Shields        | 1 |  1.7
Armour         | 1 |  1.1
Throwing       | |  2.0

Action                     |  1- 3 |  4- 6 || total
---------------------------+-------+-------++-------
  Melee: Dagger            |    28 |       ||    28
         Rapier            |    71 |   166 ||   237
         Punch             |     1 |       ||     1
  Throw: Dart              |     8 |    17 ||    25
    Use: Scroll            |     2 |     1 ||     3
         Potion            |     1 |     1 ||     2
   Stab: Sleeping          |     7 |     9 ||    16
         Distracted        |     1 |       ||     1
 Armour: Robe              |    21 |    14 ||    35
  Dodge: Dodged            |    68 |   177 ||   245
